 Dungeon Crawl Stone Soup version 0.22.1-2-g9c5b331 (webtiles) character file.

72 HerrDoktor the Poker (level 4, -1/34 HPs)
             Began as a Merfolk Gladiator on Dec 25, 2018.
             Succumbed to Ijyb's poison
             ... on level 2 of the Dungeon.
             The game lasted 00:07:42 (1644 turns).

HerrDoktor the Poker (Merfolk Gladiator)            Turns: 1644, Time: 00:07:42

Health: -1/34      AC:  7    Str: 14    XL:     4   Next: 26%
Magic:  4/4        EV: 13    Int:  7    God:
Gold:   74         SH:  4    Dex: 16    Spells: 3/3 levels left

rFire    . . .     SeeInvis .   a - +0 trident
rCold    . . .     Gourm    .   m - +1 buckler {AC+3}
rNeg     . . .     Faith    .   b - +0 leather armour
rPois    .         Spirit   .   c - +0 helmet
rElec    .         Reflect  .   (no cloak)
rCorr    .         Harm     .   (no gloves)
MR       .....                  (no boots)
Stlth    +.........             (no amulet)
HPRegen  0.11/turn              (no ring)
MPRegen  0.09/turn              (no ring)

@: lethally poisoned (-1 -> -33)
A: change form in water, swift swim, stealthy swim
a: no special abilities


You were on level 2 of the Dungeon.
You were not hungry.

You visited 1 branch of the dungeon, and saw 3 of its levels.

You collected 74 gold pieces.

Inventory:

Hand Weapons
 a - a +0 trident (weapon)
Missiles
 e - 93 stones (quivered)
Armour
 b - a +0 leather armour (worn)
 c - a +0 helmet (worn)
 g - a +0 ring mail
 m - a +1 buckler of protection (worn)
Jewellery
 j - an uncursed amulet of the acrobat {unknown}
Scrolls
 h - a scroll of enchant weapon {unknown}
 i - a scroll of identify
 k - 2 scrolls of remove curse {unknown}
 l - a scroll of fear {unknown}
 n - a scroll of immolation {unknown}
Comestibles
 f - 5 rations


   Skills:
 + Level 2.6 Fighting
 * Level 6.4 Polearms
 + Level 2.0 Throwing
 - Level 0.2 Armour
 + Level 4.4 Dodging


You had 3 spell levels left.
You didn't know any spells.
Your spell library was empty.

Dungeon Overview and Level Annotations

Branches:
Dungeon (3/15)

Altars:
Gozag
Hepliaklqana
Nemelex Xobeh

Annotations:
D:2 Ijyb


Message History

You barely miss Ijyb.
Ijyb is severely wounded.
* * * LOW HITPOINT WARNING * * *
You feel very sick. Ijyb hits you but does no damage.
You are more poisoned.
You hit Ijyb.
Ijyb is almost dead.
* * * LOW HITPOINT WARNING * * *
You feel very sick. Ijyb misses you.
* * * LOW HITPOINT WARNING * * *
You feel very sick.
You closely miss Ijyb.
Ijyb is almost dead.
* * * LOW HITPOINT WARNING * * *
You feel sick. Ijyb closely misses you.
You closely miss Ijyb.
Ijyb is almost dead.
You die...

...#........#
######.......#....
####...##...# #.8...8.#.... #
#.......#.####### ##.....##....
#.#....##...^...## ###.###.....
###.#..#..#........##
#.........
#.....###...........#
########## ......#
##..........# ......#
#..........# ......#
#....>g@...# ......#
#..........######
......#####..............##
....................####..#
....................#####.###
......####..................###
####### #..........#######...#
#..........# ##### ##........##


You could see Ijyb.

Vanquished Creatures
  A bullfrog skeleton (D:2)
  An adder (D:2)
  A worm (D:2)
  2 dart slugs (D:1)
  A ball python (D:1)
  4 bats
  2 goblins
  5 hobgoblins
  A quokka (D:2)
  4 frilled lizards
  3 kobolds
  5 rats
30 creatures vanquished.

Vanquished Creatures (others)
  4 toadstools (D:1)
4 creatures vanquished.

Grand Total: 34 creatures vanquished

Notes
Turn   | Place    | Note
-------+----------+-------------------------------------------
     0 | D:1      | HerrDoktor the Merfolk Gladiator began the quest for the
                  | Orb.
     0 | D:1      | Reached XP level 1. HP: 16/16 MP: 1/1
   146 | D:1      | Reached XP level 2. HP: 21/22 MP: 2/2
   415 | D:1      | Reached skill level 5 in Polearms
   889 | D:2      | Reached XP level 3. HP: 28/28 MP: 3/3
  1108 | D:2      | Found an opulent altar of Gozag.
  1216 | D:2      | Reached skill level 6 in Polearms
  1216 | D:2      | Reached XP level 4. HP: 26/34 MP: 4/4
  1521 | D:2      | Found a sparkling altar of Nemelex Xobeh.
  1527 | D:2      | Found a hazy altar of Hepliaklqana.
  1610 | D:3      | Noticed Ijyb
  1644 | D:2      | Succumbed to Ijyb's poison

Skill      XL: |  1  2  3 |
---------------+----------+-----
Polearms       | 5 6 |  6.4
Fighting       | |  2.6
Throwing       | |  2.0
Armour         | |  0.2
Dodging        | |  4.4

Action                   |  1- 3 |  4- 6 || total
-------------------------+-------+-------++-------
Melee: Trident           |    88 |    31 ||   119
Throw: Throwing net      |     6 |     1 ||     7
  Use: Scroll            |     1 |       ||     1
       Potion            |       |     1 ||     1
 Stab: Held in net/web   |     2 |       ||     2
       Sleeping          |     1 |       ||     1
  Eat: Chunk             |       |     2 ||     2
Armor: Leather armour    |    16 |     7 ||    23
Dodge: Dodged            |    36 |    17 ||    53
Block: Buckler           |     4 |     4 ||     8
